 Dungeon Crawl Stone Soup version 0.17.0-24-gcfadda4 (webtiles) character file.

7950 RepoMan the Cleaver (level 11, -4/121 HPs)
             Began as a Demonspawn Warper on Nov 15, 2015.
             Was an Elder of Dithmenos.
             Slain by a yak (7 damage)
             ... on level 11 of the Dungeon on Nov 16, 2015.
             The game lasted 01:57:40 (16098 turns).

RepoMan the Cleaver (Demonspawn Warper)            Turns: 16098, Time: 01:57:41

Health: -4/121     AC:  4    Str: 20    XL:     11   Next: 3%
Magic:  0/20       EV: 14    Int: 14    God:    Dithmenos [****..]
Gold:   451        SH:  0    Dex: 13    Spells: 5 memorised, 11 levels left

rFire  . . .     SeeInvis .     g - +0 war axe
rCold  + . .     Clarity  .     b - +1 leather armour
rNeg   + . .     SustAt   .     (no shield)
rPois  +         Gourm    .     (helmet restricted)
rElec  .         Spirit   +     (no cloak)
rCorr  +         Warding  .     (no gloves)
rMut   .         Stasis   .     (no boots)
MR     .....                    y - amulet of resist corrosion
Stlth  ..........               w - ring of positive energy
                                l - ring of poison resistance

@: berserking (expiring), manticore barbs, very slightly contaminated, hasted,
wreathed by umbra, very quick, not resistant to hostile enchantments, extremely
unstealthy
A: claws 2, horns 2, talons 1, cold resistance 1, magic shield
a: Shadow Step, Renounce Religion


You were on level 11 of the Dungeon.
You worshipped Dithmenos.
Dithmenos was greatly pleased with you.
You were hungry.

You visited 2 branches of the dungeon, and saw 12 of its levels.

You collected 451 gold pieces.

Inventory:

Hand Weapons
 g - a +0 war axe (weapon)
 i - a +2 whip of pain
 B - a +1 battleaxe of freezing
 J - a +0 blowgun
Missiles
 f - 9 tomahawks (quivered)
 v - 11 bolts
 M - 18 poisoned needles
Armour
 b - a +1 leather armour (worn)
 C - a +4 ring mail
 L - a +3 ring mail
 Q - a +2 robe of positive energy
 R - a +0 ice dragon armour
Jewellery
 d - an uncursed amulet of clarity {unknown}
 l - a ring of poison resistance (left claw)
 r - an uncursed amulet of resist mutation {unknown}
 w - a ring of positive energy (right claw)
 y - an amulet of resist corrosion (around neck)
Wands
 e - a wand of confusion (20)
 P - a wand of enslavement (0)
Scrolls
 h - 3 scrolls of enchant weapon
 n - 2 scrolls of identify
 o - 6 scrolls of remove curse
 u - 2 scrolls of fear
 E - a scroll of enchant armour
 I - a scroll of recharging
Potions
 a - a potion of resistance {unknown}
 j - 2 potions of flight
 k - a potion of agility {unknown}
 p - a potion of might {unknown}
 q - a potion of haste
 s - a potion of lignification
 A - a potion of magic {unknown}
 D - a potion of cure mutation {unknown}
 F - a potion of experience {unknown}
 K - a potion of heal wounds {unknown}
Books
 c - a book of Spatial Translocations

   Spells                             Type                      Level
   a - Apportation                    Translocation                1
   b - Blink                          Translocation                2
   c - Shroud of Golubria             Charms/Translocation         2
   d - Portal Projectile              Translocation                3
   e - Teleport Other                 Translocation                3
   f - Passage of Golubria            Translocation                4
 H - a book of Party Tricks

   Spells                             Type                      Level
   a - Summon Butterflies             Summoning                    1
   b - Apportation                    Translocation                1
   c - Tukima's Dance                 Hexes                        3
   d - Alistair's Intoxication        Transmutation/Poison         4
   e - Invisibility                   Hexes                        6
Comestibles
 m - 2 meat rations
 t - 2 chunks of flesh


   Skills:
 + Level 5.7 Fighting
 * Level 8.3 Axes
 - Level 0.8 Throwing
 + Level 4.7 Armour
 + Level 5.4 Dodging
 + Level 6.1 Spellcasting
 + Level 5.5 Hexes
 - Level 2.0 Charms
 + Level 6.8 Translocations


You had 11 spell levels left.
You knew the following spells:

 Your Spells              Type           Power        Failure   Level  Hunger
a - Apportation           Tloc           ###.......   1%          1    None
b - Blink                 Tloc           N/A          1%          2    #......
c - Shroud of Golubria    Chrm/Tloc      ###.......   4%          2    #......
d - Tukima's Dance        Hex            ###.....     6%          3    ###....
o - Teleport Other        Tloc           ###.....     3%          3    ###....


Dungeon Overview and Level Annotations

Branches:
Dungeon (11/15)            Temple (1/1) D:6             Orc (0/4) D:10
   Lair: D:8-11

Altars:
Ashenzari
Cheibriados
Dithmenos
Elyvilon
Fedhas
Gozag
Kikubaaqudgha
Makhleb
Nemelex Xobeh
Okawaru
Qazlal
Ru
Sif Muna
Trog
Vehumet
Xom
Yredelemnul
Zin
The Shining One

Annotations:
D:6 Pikel
D:8 Joseph
D:10 exclusion: 3 oklob plants


Innate Abilities, Weirdness & Mutations

You have very sharp fingernails.
You have a pair of horns on your head.
You have sharp toenails.
Your flesh is cold resistant.
When hurt, damage is shared between your health and your magic reserves.


Message History

* * * LOW HITPOINT WARNING * * *
You slash the manticore!
You kill the manticore!
Dithmenos accepts your kill.
You have reached level 11!
You barely miss the yak.
The yak is heavily wounded.
The yak misses you.
You slice the scorpion!!
You kill the scorpion!
Dithmenos accepts your kill.
You slash the yak!
The yak is severely wounded.
You slash the yak! You headbutt the yak!
You kill the yak!
Dithmenos accepts your kill.
You slash the yak!
The yak is almost dead.
The yak gores you!
You die...

.#############'####
.....# ###.# ....##
#...# ###..## #.###
......# #.#
......#### #.#
......+..###'######
......##.#.....Y..##
......##§'(....Y@.'#
.<....####........##
......# #.....†..#
+###### #####'####
#(.# ##(# (# .( ..(


You could see 2 yaks.

Vanquished Creatures
  2 hill giants
  A manticore (D:11)
  A gargoyle (D:10)
  3 hippogriffs
  5 yaks
  2 hungry ghosts (D:9)
  2 wasps
  3 orc warriors
  4 phantoms
  2 ice beasts
  3 sky beasts
  3 slaves (D:5)
  3 centaurs
  5 ogres
  A big kobold (D:7)
  6 giant frogs
  A wyvern zombie (D:10)
  A gnoll sergeant (D:10)
  2 troll zombies (D:10)
  5 wights
  6 scorpions
  9 killer bees
  7 crimson imps
  A giant frog zombie (D:10)
  2 centaur zombies
  6 hounds
  A jelly (D:9)
  6 orc wizards
  5 orc priests
  2 giant frog skeletons
  2 iguanas
  Natasha (thrice) (D:4)
  5 worker ants
  6 ogre zombies (D:10)
  A hound skeleton (D:6)
  A worker ant zombie (D:5)
  9 gnolls
  13 adders
  2 shadow imps (D:6)
  2 worms
  An adder skeleton (D:8)
  6 giant geckos
  26 orcs
  A ball python (D:1)
  7 bats
  7 giant cockroaches
  13 goblins
  8 hobgoblins
  10 jackals
  2 quokkas
  A giant cockroach zombie (D:5)
  A giant gecko zombie (D:5)
  5 giant newts
  A goblin skeleton (D:10)
  3 goblin zombies (D:10)
  2 hobgoblin skeletons (D:10)
  A hobgoblin zombie (D:10)
  15 kobolds
  3 orc skeletons (D:10)
  15 orc zombies (D:10)
  3 quokka skeletons
  11 rats
286 creatures vanquished.

Vanquished Creatures (collateral kills)
  A hungry ghost (D:10)
  2 ogres
  3 wights (D:9)
  An adder (D:10)
  A gnoll (D:10)
  2 orcs
10 creatures vanquished.

Vanquished Creatures (others)
  A yak (D:11)
  A dancing weapon (D:10)
  A giant frog (D:9)
  3 killer bees (D:9)
6 creatures vanquished.

Grand Total: 302 creatures vanquished

Notes
Turn   | Place    | Note
--------------------------------------------------------------
     0 | D:1      | RepoMan the Demonspawn Warper began the quest for the Orb.
     0 | D:1      | Reached XP level 1. HP: 16/16 MP: 3/3
    41 | D:1      | You fall through a shaft!
  1002 | D:1      | Gained mutation: You have a pair of small horns on your head. [demonic ancestry]
  1002 | D:1      | Reached XP level 2. HP: 18/23 MP: 5/5
  1414 | D:1      | Reached skill level 3 in Translocations
  1421 | D:1      | Learned a level 2 spell: Blink
  1725 | D:1      | Reached XP level 3. HP: 28/28 MP: 6/6
  1941 | D:2      | Learned a level 2 spell: Shroud of Golubria
  2333 | D:2      | Found a shadowy altar of Dithmenos.
  2336 | D:2      | Became a worshipper of Dithmenos the Shadowed
  2789 | D:2      | Gained mutation: Your flesh is cold resistant. [demonic ancestry]
  2789 | D:2      | Reached XP level 4. HP: 18/34 MP: 7/7
  3270 | D:3      | Found a shimmering altar of Xom.
  3271 | D:3      | Found a stormy altar of Qazlal.
  3280 | D:3      | Found a shattered altar of Ashenzari.
  3280 | D:3      | Found an ancient bone altar of Kikubaaqudgha.
  3533 | D:3      | Found a glowing golden altar of the Shining One.
  3609 | D:3      | Reached skill level 1 in Armour
  4172 | D:3      | Gained mutation: You have sharp fingernails. [demonic ancestry]
  4172 | D:3      | Reached XP level 5. HP: 33/39 MP: 8/8
  4178 | D:3      | Learned a level 3 spell: Teleport Other
  4267 | D:4      | Noticed a phantom
  4291 | D:4      | Killed a phantom
  4414 | D:4      | Noticed Natasha
  4424 | D:4      | Killed Natasha
  4424 | D:4      | Reached * piety under Dithmenos
  4424 | D:4      | Gained mutation: You have a pair of horns on your head. [demonic ancestry]
  4424 | D:4      | Reached XP level 6. HP: 34/46 MP: 8/10
  4573 | D:4      | Noticed Natasha
  4577 | D:4      | Killed Natasha
  4647 | D:4      | Noticed a phantom
  4671 | D:4      | Killed a phantom
  4671 | D:4      | Reached skill level 4 in Translocations
  4860 | D:4      | Noticed Natasha
  4866 | D:4      | Killed Natasha
  5199 | D:4      | Found an opulent altar of Gozag.
  5319 | D:5      | Entered Level 5 of the Dungeon
  5486 | D:5      | Gained mutation: You have sharp toenails. [demonic ancestry]
  5486 | D:5      | Reached XP level 7. HP: 34/52 MP: 11/11
  6460 | D:6      | Noticed Pikel
  6739 | D:5      | Reached skill level 5 in Axes
  6855 | D:5      | Reached ** piety under Dithmenos
  7093 | D:5      | Gained mutation: When hurt, damage is shared between your health and your magic reserves. [demonic ancestry]
  7093 | D:5      | Reached XP level 8. HP: 17/59 MP: 13/13
  7556 | D:6      | Found a staircase to the Ecumenical Temple.
  7564 | Temple   | Entered the Ecumenical Temple
  7964 | D:7      | Reached skill level 5 in Translocations
  8649 | D:7      | Reached skill level 6 in Axes
  9027 | D:8      | Gained mutation: You have very sharp fingernails. [demonic ancestry]
  9027 | D:8      | Reached XP level 9. HP: 44/66 MP: 10/15
  9389 | D:8      | Noticed Joseph
  9721 | D:9      | Noticed a hill giant
  9862 | D:8      | Learned a level 3 spell: Tukima's Dance
  9928 | D:8      | Reached skill level 1 in Hexes
 10434 | D:9      | Reached skill level 7 in Axes
 10483 | D:9      | Reached *** piety under Dithmenos
 10483 | D:9      | Reached skill level 5 in Spellcasting
 11122 | D:9      | Killed a hill giant
 11402 | D:9      | Reached XP level 10. HP: 71/73 MP: 15/18
 12333 | D:10     | Entered Level 10 of the Dungeon
 12345 | D:10     | Found a staircase to the Orcish Mines.
 12519 | D:9      | Reached skill level 1 in Charms
 12568 | D:10     | Noticed an oklob plant
 12658 | D:10     | Reached skill level 5 in Fighting
 12898 | D:10     | Noticed a hill giant
 12958 | D:10     | Found a flagged portal.
 13232 | D:10     | Reached skill level 5 in Dodging
 13234 | D:10     | Reached **** piety under Dithmenos
 13296 | D:10     | Reached skill level 5 in Hexes
 14083 | D:10     | Noticed an oklob plant
 14083 | D:10     | Noticed an oklob plant
 14756 | D:10     | HP: 3/74 [phantom (6)]
 15183 | D:10     | Reached skill level 8 in Axes
 15226 | D:10     | Killed a hill giant
 15857 | D:10     | Noticed a manticore
 15991 | D:11     | Noticed a manticore
 16095 | D:11     | HP: 2/114 [manticore (9)]
 16096 | D:11     | Killed a manticore
 16096 | D:11     | Reached XP level 11. HP: 2/81 MP: 0/20
 16098 | D:11     | Slain by a yak

Action                   |  1- 3 |  4- 6 |  7- 9 | 10-12 || total
-------------------------+-------+-------+-------+-------++-------
Melee: Hand axe          |   150 |    82 |       |       ||   232
       Whip              |     7 |       |       |       ||     7
       Battleaxe         |       |    59 |    25 |    82 ||   166
       War axe           |       |    22 |   469 |   282 ||   773
 Fire: Blowgun           |       |       |     5 |    51 ||    56
Throw: Tomahawk          |     2 |     3 |       |       ||     5
 Cast: Apportation       |     3 |     6 |    12 |    10 ||    31
       Shroud of Golubri |     5 |    14 |    43 |    27 ||    89
       Blink             |       |     2 |     4 |    19 ||    25
       Teleport Other    |       |       |     2 |       ||     2
       Tukima's Dance    |       |       |     5 |    11 ||    16
Evoke: Wand              |       |       |     4 |     7 ||    11
  Use: Potion            |       |     4 |     4 |    10 ||    18
       Scroll            |       |    11 |       |    12 ||    23
 Stab: Sleeping          |       |     2 |     6 |     1 ||     9
       Confused          |       |       |     2 |     1 ||     3
       Invisible         |       |       |     1 |       ||     1
  Eat: Chunk             |     6 |     5 |    13 |    10 ||    34
       Bread ration      |       |     1 |     2 |     2 ||     5
       Beef jerky        |       |       |     2 |       ||     2
       Meat ration       |       |       |       |     3 ||     3
